AoeStats
← haha

Arabia

506698428Analyzed
1v1 RM · 17d ago on Sep 14, 2026· 70m 40s· 2 players
Game mode
Random Map
Map size
Tiny (2 player)
Population
200
Speed
Normal
Resources
Standard
Victory
Conquest
Starting age
Dark Age
Ending age
Imperial Age
RankedLock teamsTeams togetherTeam positionsShared explorationLock speedFull tech treeHidden civsTurbo modeCheats
Victory
Defeat
🇺🇸 Gurjaras · United States
1193
+14
🇷🇺 Ethiopians · Russia
1159
-14
haha
8:37 Loom
10:58 Feudal Age
11:55 Double-Bit Axe
11:51 Horse Collar
14:56 Fletching
22:04 Castle Age
22:17 Gold Mining
22:59 Bow Saw
22:46 Bodkin Arrow
22:18 Crossbowman
24:13 Wheelbarrow
24:48 Padded Archer Armor
26:07 Town Watch
33:01 Imperial Age
31:41 Thumb Ring
31:59 Ballistics
33:40 Gold Shaft Mining
34:45 Chemistry
34:42 Bracer
36:38 Arbalester
41:32 Leather Archer Armor
43:23 Stone Mining
44:45 Scale Barding Armor
47:06 Masonry
48:39 Conscription
47:47 Halberdier
48:28 Squires
49:16 Guilds
50:43 Hand Cart
50:31 Scale Mail Armor
50:41 Forging
52:58 Chain Mail Armor
53:18 Iron Casting
54:40 Husbandry
54:00 Light Cavalry
55:13 Plate Mail Armor
56:35 Blast Furnace
56:50 Heavy Plow
58:59 Architecture
60:43 Two-Man Saw
60:31 Chain Barding Armor
水雪
4:56 Loom
9:52 Feudal Age
10:55 Double-Bit Axe
10:55 Horse Collar
19:52 Castle Age
21:29 Bow Saw
23:14 Husbandry
23:21 Scale Barding Armor
23:27 Forging
24:25 Padded Archer Armor
24:15 Fletching
25:15 Gold Mining
25:30 Heavy Plow
28:38 Town Watch
32:23 Redemption
32:28 Bloodlines
36:50 Imperial Age
35:50 Wheelbarrow
37:58 Hand Cart
37:58 Elite Shrivamsha Rider
39:05 Chain Barding Armor
39:52 Conscription
39:46 Kshatriyas
40:59 Plate Barding Armor
41:32 Hand Cart
41:31 Masonry
42:36 Iron Casting
44:45 Conscription
44:21 Onager
46:30 Siege Elephant
47:50 Light Cavalry
48:26 Hussar
49:16 Thumb Ring
48:32 Elite Skirmisher
49:11 Fletching
49:37 Leather Archer Armor
51:26 Frontier Guards
51:28 Bodkin Arrow
53:01 Herbal Medicine
53:06 Elite Elephant Archer
53:50 Bracer
54:46 Architecture
55:17 Chemistry
54:43 Ballistics
55:33 Chemistry
56:35 Elite Elephant Archer
58:10 Sappers
59:15 Hoardings
59:11 Scale Mail Armor
58:59 Man-at-Arms
59:24 Arson
61:55 Long Swordsman
62:43 Heavy Camel Rider
64:00 Chain Mail Armor
66:26 Two-Handed Swordsman
68:20 Elite Chakram Thrower
70:22 Plate Mail Armor
Connection lost

Rejoining the realm…

Still unreachable

The connection could not be restored.

Session expired

The server has moved on; the page needs a fresh start.